 Dungeon Crawl Stone Soup version 0.29.1-15-g9cfb28693d (webtiles) character file.

Game seed: 9803697159595724388

57 Alturiack the Stinger (level 3, -2/16 HPs)
             Began as a Spriggan Venom Mage on Apr 11, 2023.
             Slain by an orc
             ... wielding a +0 flail
              (8 damage)
             ... on level 3 of the Dungeon.
             The game lasted 00:07:26 (2086 turns).

Alturiack the Stinger (Spriggan Venom Mage)         Turns: 2086, Time: 00:07:27

Health: -2/16      AC:  2    Str:  4    XL:     3   Next: 73%
Magic:  4/8        EV: 16    Int: 18    God:
Gold:   122        SH:  5    Dex: 15    Spells: 4/7 levels left

rFire   . . .      SeeInvis +   d - +0 sling
rCold   . . .      Faith    .   f - +0 buckler
rNeg    + . .      Spirit   .   a - +0 robe
rPois   .          Reflect  .   (helmet restricted)
rElec   .          Harm     .   (no cloak)
rCorr   .          Rampage  .   (gloves unavailable)
Will    .....                   (boots unavailable)
Stlth   ++........              (no amulet)
HPRegen 0.05/turn               o - ring of positive energy
MPRegen 0.11/turn               (no ring)

@: very slightly contaminated, very quick
A: very small, no large weapons, unfitting armour, see invisible, speed 3
a: no special abilities


You were on level 3 of the Dungeon.
You visited 1 branch of the dungeon, and saw 3 of its levels.

You collected 122 gold pieces.

Inventory:

Hand Weapons
 d - a +0 sling (weapon)
Missiles
 l - a throwing net
Armour
 a - a +0 robe (worn)
 f - a +0 buckler (worn)
 n - a scarf of shadows
Jewellery
 o - a ring of positive energy (left hand)
Wands
 p - a wand of flame (17)
Scrolls
 e - a scroll of fog {unknown}
 g - a scroll of noise {unknown}
 h - a scroll of enchant armour {unknown}
 i - a scroll of magic mapping {unknown}
 j - a scroll of fear {unknown}
 k - a scroll of teleportation {unknown}
 m - a scroll of poison {unknown}
 r - a scroll of blinking {unknown}
Potions
 b - 2 potions of magic
 c - a potion of brilliance {unknown}
 q - a potion of degeneration {unknown}


   Skills:
 + Level 1.4 Ranged Weapons
 - Level 2.6 Dodging
 - Level 3.0 Stealth
 - Level 2.6 Spellcasting
 - Level 1.3 Transmutations
 * Level 4.3 Poison Magic


You had 4 spell levels left.
You knew the following spells:

 Your Spells              Type           Power      Damage    Failure   Level
a - Sting                 Tmut/Pois      48%        1d5       12%         1
b - Poisonous Vapours     Pois/Air       20%        N/A       22%         2

Your spell library contained the following spells:

 Spells                   Type           Power      Damage    Failure   Level
 Foxfire                  Conj/Fire      8%         2x1d4     36%         1
 Mephitic Cloud           Conj/Pois/Air  7%         N/A       52%         3
 Olgreb's Toxic Radiance  Pois           18%        N/A       52%         4
 Conjure Flame            Conj/Fire      2%         6-21      73%         3
 Inner Flame              Hex/Fire       2%         N/A       73%         3
 Portal Projectile        Hex/Tloc       4%         N/A       73%         3
 Tukima's Dance           Hex            2%         N/A       73%         3
 Flame Wave               Conj/Fire      2%         2d4       98%         4
 Blade Hands              Tmut           3%         N/A       99%         5


Dungeon Overview and Level Annotations

Branches:
Dungeon (3/15)

Altars:


Innate Abilities, Weirdness & Mutations

You are very small and have problems with some larger weapons.
You are too small for most types of armour.
You have supernaturally acute eyesight. (SInv)
You cover ground extremely quickly. (Speed+++)


Message History

The sting hits the orc wizard.
The orc wizard looks even sicker.
The orc wizard is moderately wounded.
The orc wizard hits you with a +0 dagger.
Casting: Sting (safe; 12% risk of failure)
Confirm with . or Enter, or press ? or * to list all spells.
Aiming: Sting (safe; 12% risk of failure)
Press: ? - help, Shift-Dir - straight line, f/p - orc wizard
Aim: an orc wizard, wielding a +0 dagger and wearing a +0 robe (moderately wounded, very poisoned, 64% to hit)
You miscast Sting.
You are very lightly contaminated with residual magic.
Nothing appears to happen.
The orc wizard gestures at you while chanting.
You are confused.
You're too confused to cast spells.
Non-targeted confused fire: d) +0 sling
Press: ? - help, Q - select action, (/) - cycle Dir - look around, f - activate You shoot a sling bullet.
Non-targeted confused fire: d) +0 sling
Press: ? - help, Q - select action, (/) - cycle Dir - look around, f - activate You shoot a sling bullet.
The orc wizard barely misses you.
Non-targeted confused fire: d) +0 sling
Press: ? - help, Q - select action, (/) - cycle Dir - look around, f - activate Look: an orc wizard, wielding a +0 dagger and wearing a +0 robe (moderately wounded, poisoned)
Okay, then.
Non-targeted confused fire: d) +0 sling
Press: ? - help, Q - select action, (/) - cycle Dir - look around, f - activate Look: an orc wizard, wielding a +0 dagger and wearing a +0 robe (moderately wounded, poisoned)
Okay, then.
You're too confused to cast spells.
You closely miss the orc wizard.
The orc wizard is moderately wounded.
The orc wizard closely misses you. The orc hits you but does no damage.
The orc wizard hits you with a +0 dagger.
You closely miss the orc.
You feel less confused. You block the orc's attack.
The orc wizard closely misses you. The orc closely misses you.
The orc hits you with a +0 flail!
Ouch! That really hurt!
You die...

###########
......o@o.#
...####o#.#
#.# # #.#
... #.# #.#
#.#


You could see an orc wizard (poisoned) and 2 orcs.

Vanquished Creatures
  A worm (D:2)
  3 dart slugs (D:2)
  An orc (D:3)
  A ball python (D:1)
  6 endoplasms
  A giant cockroach (D:2)
  4 goblins
  2 hobgoblins (D:1)
  3 jackals (D:1)
  3 quokkas (D:1)
  4 bats
  6 kobolds
  5 rats
40 creatures vanquished.

Notes
Turn   | Place    | Note
-------+----------+-------------------------------------------
     0 | D:1      | Alturiack the Spriggan Venom Mage began the quest for the
                  | Orb.
     0 | D:1      | Reached XP level 1. HP: 9/9 MP: 5/5
   455 | D:1      | Reached XP level 2. HP: 13/13 MP: 3/6
  1046 | D:1      | Reached skill level 1 in Ranged Weapons
  1109 | D:1      | Reached skill level 4 in Poison Magic
  1116 | D:1      | Reached XP level 3. HP: 16/16 MP: 6/8
  1378 | D:1      | Learned a level 2 spell: Poisonous Vapours
  2013 | D:2      | Found a faded altar of an unknown god.
  2086 | D:3      | Slain by an orc

Illustrated notes

Levels and vault maps discovered:
D:1:      ncdulo_lavacross, layout_basic
D:2:      layout_loops_cross, ebering_ecumenical_altar_rust, minmay_tetromino_s2
D:3:      layout_basic, tso_oasis_becter, st_stairs_5

Skill      XL: |  1  2 |
---------------+-------+-----
Ranged Weapons | 1 |  1.4
Poison Magic   | 4 |  4.3
Dodging        | |  2.6
Stealth        | |  3.0
Spellcasting   | |  2.6
Transmutations | |  1.3

Action                   || total
-------------------------++-------
Melee: Sling             ||     2
 Fire: Sling             ||    79
 Cast: Sting             ||    39
Armor: Robe              ||     4
Dodge: Dodged            ||    35
Block: Buckler           ||     8
